 Dungeon Crawl Stone Soup version 0.25.1-2-g60ff931df9 (webtiles) character file.

Game seed: 16667986599852759849

962 raphaelitos the Covert (level 8, -1/52 HPs)
             Began as an Octopode Assassin on Nov 16, 2020.
             Was a Follower of Nemelex Xobeh.
             Slain by an orc
             ... wielding a +0 war axe
              (11 damage)
             ... on level 5 of the Dungeon on Nov 18, 2020.
             The game lasted 00:13:10 (6258 turns).

raphaelitos the Covert (Octopode Assassin)          Turns: 6258, Time: 00:13:10

Health: -1/52      AC:  1    Str: 10    XL:     8   Next: 15%
Magic:  8/8        EV: 15    Int: 14    God:    Nemelex Xobeh [*.....]
Gold:   200        SH:  0    Dex: 15    Spells: 7/7 levels left

rFire    . . .     SeeInvis .   a - +5 dagger
rCold    . . .     Gourm    .   (no shield)
rNeg     . . .     Faith    .   (helmet restricted)
rPois    .         Spirit   .   (no amulet)
rElec    .         Reflect  .   i - ring of flight
rCorr    .         Harm     .   (no ring)
MR       .....                  (no ring)
Stlth    +++++.....             (no ring)
HPRegen  0.17/turn              (no ring)
MPRegen  0.11/turn              (no ring)
                                (no ring)
                                (no ring)

@: mighty
A: almost no armour, stealthy swim, amphibious, 8 rings, constrict 8, camouflage
1, gelatinous body 1
a: Draw Escape, Draw Destruction, Draw Summoning, Renounce Religion, Evoke
Flight


You were on level 5 of the Dungeon.
You worshipped Nemelex Xobeh.
Nemelex Xobeh was aware of your devotion.
You were hungry.

You visited 1 branch of the dungeon, and saw 5 of its levels.

You collected 200 gold pieces.

Inventory:

Hand Weapons
 a - a +5 dagger (weapon)
 u - a +0 great sword
Missiles
 b - 6 poisoned darts (quivered)
 c - 2 curare-tipped darts
 g - 159 arrows
 l - 21 bolts
 m - 2 throwing nets
 q - 2 javelins
 s - 54 sling bullets
 z - 4 boomerangs
Jewellery
 i - a ring of flight (left tentacle)
Wands
 h - a wand of flame (22)
Scrolls
 f - 2 scrolls of identify
 o - 3 scrolls of remove curse
 p - 3 scrolls of amnesia
 x - a scroll of fog
 y - a scroll of enchant armour {unknown}
 B - a scroll of immolation {unknown}
Potions
 e - a potion of cancellation
 j - 7 potions of heal wounds
 k - 6 potions of curing
 r - 2 potions of lignification
 t - 2 potions of haste
 v - a potion of flight {unknown}
 A - a potion of magic {unknown}
Comestibles
 d - 7 rations


   Skills:
 + Level 3.5 Fighting
 + Level 4.9 Short Blades
 + Level 2.6 Throwing
 + Level 3.5 Dodging
 + Level 10.1 Stealth


You had 7 spell levels left.
You didn't know any spells.
Your spell library was empty.

Dungeon Overview and Level Annotations

Branches:
Dungeon (5/15)             Temple (0/1) D:5

Altars:
Gozag
Nemelex Xobeh

Shops:
D:4 (   D:5 =


Innate Abilities, Weirdness & Mutations

You cannot wear most types of armour.
You are very stealthy in the water. (Stealth+)
You are amphibious.
You can wear up to eight rings at the same time.
You can use your tentacles to constrict eight enemies at once.
Your skin changes colour to match your surroundings (Stealth+).
Your rubbery body absorbs attacks. (AC +1, EV +1)


Message History

You barely miss the hound. You grab the hound.
The hound is moderately wounded.
You constrict the hound.
The hound stops to sniff the ground.
The hound bites you but does no damage. The orc closely misses you.
The orc hits you.
You feel very mighty all of a sudden.
You constrict the hound. The hound closely misses you.
The orc warrior hits you from afar with a +0 trident.
The orc misses you. x2; The hound completely misses you.
The orc closely misses you.
You puncture the orc!
You kill the orc!
You constrict the hound.
The orc warrior hits you from afar with a +0 trident!
* * * LOW HITPOINT WARNING * * *
The hound closely misses you. The orc closely misses you.
You release your grip on the hound.
The orc hits you with a +0 war axe!
You die...
Your body disappears without a glow.

..................###...<<##.##.#
######.######+##############.##.#
#.##.. #.................. #.##.#
#.#############.###
######.##.#####.#############.###
......>..........^..............#
.....!###.#####)###############..
...... ...##...oh...# #.........
..........##..oo@...# #.........
#.....................##.........
#.....................##.........
#.....................##.........
.................####.........
....######### #......... ....
#......... .. #.........
#####.....


You could see an orc warrior, a hound and 2 orcs.

Vanquished Creatures
  Sigmund (D:2)
  An ice beast (D:4)
  A phantom (D:4)
  A centaur (D:5)
  A scorpion (D:5)
  A hound (D:4)
  A centaur skeleton (D:4)
  Natasha (thrice) (D:2)
  2 orc wizards (D:4)
  4 worker ants
  A hound zombie (D:5)
  8 adders
  3 oozes
  An adder skeleton (D:5)
  6 worms
  3 dart slugs
  4 leopard geckos
  8 orcs
  A ball python (D:1)
  9 bats
  2 giant cockroaches
  9 hobgoblins
  11 jackals
  4 kobolds
  4 frilled lizards
  10 goblins
  A leopard gecko zombie (D:5)
  10 rats
111 creatures vanquished.

Notes
Turn   | Place    | Note
-------+----------+-------------------------------------------
     0 | D:1      | raphaelitos the Octopode Assassin began the quest for the
                  | Orb.
     0 | D:1      | Reached XP level 1. HP: 14/14 MP: 1/1
   170 | D:1      | Reached XP level 2. HP: 19/19 MP: 2/2
   819 | D:1      | Reached skill level 6 in Stealth
   823 | D:1      | Reached XP level 3. HP: 14/24 MP: 3/3
  1598 | D:2      | Noticed Natasha
  1620 | D:2      | Killed Natasha
  1620 | D:2      | Reached XP level 4. HP: 19/30 MP: 4/4
  1741 | D:2      | Noticed Natasha
  1759 | D:2      | Killed Natasha
  1759 | D:2      | Reached skill level 7 in Stealth
  1828 | D:2      | Reached XP level 5. HP: 14/35 MP: 5/5
  2204 | D:2      | Noticed Natasha
  2216 | D:2      | Killed Natasha
  2624 | D:2      | Noticed Sigmund
  2627 | D:2      | Killed Sigmund
  2627 | D:2      | Reached skill level 8 in Stealth
  2627 | D:2      | Reached XP level 6. HP: 42/42 MP: 6/6
  3691 | D:3      | Found a sparkling altar of Nemelex Xobeh.
  3692 | D:3      | Found an opulent altar of Gozag.
  3711 | D:3      | Became a worshipper of Nemelex Xobeh the Trickster
  3745 | D:3      | Received a gift from Nemelex Xobeh
  4247 | D:4      | Found Baisefiq's Antique Weapon Emporium.
  4260 | D:4      | Reached XP level 7. HP: 37/46 MP: 7/7
  4437 | D:4      | Reached skill level 9 in Stealth
  4766 | D:4      | Reached * piety under Nemelex Xobeh
  5455 | D:5      | Entered Level 5 of the Dungeon
  5455 | D:5      | Found a staircase to the Ecumenical Temple.
  5515 | D:4      | Reached XP level 8. HP: 29/52 MP: 8/8
  5699 | D:5      | Found Cytoc's Jewellery Emporium.
  5954 | D:5      | Reached skill level 10 in Stealth
  6258 | D:5      | Slain by an orc

Illustrated notes

Levels and vault maps discovered:
D:1:      erik_arrival_cave_to_civilisation [erik_arrival_cave_to_temple],
          layout_loops_ring
D:2:      layout_basic, uniq_sigmund, uniq_natasha
D:3:      layout_loops_corners, grunt_temple_overflow_opulence
D:4:      minmay_general_purpose_star, layout_basic, serial_shops, shop,
          first_ration, kennysheep_generic_room_9
D:5:      layout_basic, minmay_temple_entry_statues_fountains, serial_shops,
          nicolae_shop_window_shopping

Skill      XL: |  1  2  3  4  5  6  7  8 |
---------------+-------------------------+-----
Stealth        | 6 7 8 9 10 | 10.1
Fighting       | 3 |  3.5
Short Blades   | 3 4 |  4.9
Dodging        | 2 3 |  3.5
Throwing       | |  2.6

Action                   |  1- 3 |  4- 6 |  7- 9 || total
-------------------------+-------+-------+-------++-------
Melee: Dagger            |    66 |   121 |    73 ||   260
       Tentacles         |     7 |    14 |    19 ||    40
       Constrict         |     7 |    29 |    13 ||    49
Throw: Dart              |     2 |    10 |     5 ||    17
       Throwing net      |       |       |     3 ||     3
  Use: Scroll            |     4 |     8 |     2 ||    14
       Potion            |       |       |     1 ||     1
 Stab: Sleeping          |    11 |    15 |     9 ||    35
       Distracted        |       |     1 |     1 ||     2
       Held in net/web   |       |       |     2 ||     2
  Eat: Chunk             |     2 |     8 |     6 ||    16
Armor: Skin              |       |     5 |     4 ||     9
Dodge: Dodged            |    29 |    92 |    51 ||   172
